 Dungeon Crawl Stone Soup version 0.20.1-1-g8b1a95d (webtiles) character file.

275 Knicklaso the Spear-Bearer (level 6, 0/44 HPs)
             Began as a Merfolk Gladiator on July 17, 2017.
             Slain by an elf zombie (1 damage)
             ... on level 4 of the Dungeon.
             The game lasted 00:09:51 (2963 turns).

Knicklaso the Spear-Bearer (Merfolk Gladiator)      Turns: 2963, Time: 00:09:52

Health: 0/44       AC:  6    Str: 16    XL:     6   Next: 25%
Magic:  6/6        EV: 13    Int:  7    God:
Gold:   227        SH:  0    Dex: 16    Spells: 5/5 levels left

rFire    . . .     SeeInvis .   a - +0 trident
rCold    . . .     Gourm    .   (no shield)
rNeg     . . .     Faith    .   e - +0 ring mail
rPois    .         Spirit   .   c - +0 helmet
rElec    .         Reflect  .   (no cloak)
rCorr    .         Harm     .   (no gloves)
MR       .....     Rnd*Tele +   (no boots)
Stlth    +.........             (no amulet)
Regen    0.2/turn               n - ring of teleportation (curse)
MPRegen  0.1/turn               (no ring)

@: no status effects
A: change form in water, swift swim, stealthy swim
a: no special abilities


You were on level 4 of the Dungeon.
You were hungry.

You visited 1 branch of the dungeon, and saw 4 of its levels.

You collected 227 gold pieces.

Inventory:

Hand Weapons
 a - a +0 trident (weapon)
Missiles
 d - 3 throwing nets
 h - 96 stones (quivered)
Armour
 c - a +0 helmet (worn)
 e - a +0 ring mail (worn)
Jewellery
 n - a cursed ring of teleportation (left hand)
Wands
 v - a wand of lightning (6/15)
Scrolls
 b - 3 scrolls of remove curse {unknown}
 m - a scroll of identify {unknown}
 o - a scroll of fear {unknown}
 p - a scroll of teleportation {unknown}
 q - 4 scrolls of amnesia {unknown}
 s - 2 scrolls of immolation {unknown}
 u - a scroll of noise {unknown}
Potions
 i - a potion of might {unknown}
 k - 2 potions of haste {unknown}
 l - a potion of ambrosia {unknown}
 t - 2 potions of cancellation {unknown}
Comestibles
 f - 3 bread rations
 g - 2 fruits
 j - 3 royal jellies
 r - a meat ration


   Skills:
 - Level 2.1 Fighting
 + Level 8.7 Polearms
 * Level 3.6 Throwing
 - Level 4.0 Dodging


You had 5 spell levels left.
You didn't know any spells.

Dungeon Overview and Level Annotations

Branches:
Dungeon (4/15)
 Temple: D:4-7

Altars:
Sif Muna

Annotations:
D:4 Blork the orc


Message History

You completely miss the elf zombie.
The elf zombie is heavily damaged.
The elf zombie completely misses you.
You closely miss the elf zombie.
The elf zombie is heavily damaged.
The elf zombie barely misses you.
You barely miss the elf zombie.
The elf zombie is heavily damaged.
The elf zombie hits you.
* * * LOW HITPOINT WARNING * * *
You puncture the elf zombie!
The elf zombie is severely damaged.
You closely miss the elf zombie.
The elf zombie is severely damaged.
The elf zombie hits you!
* * * LOW HITPOINT WARNING * * *
You puncture the elf zombie!
The elf zombie is severely damaged.
The elf zombie hits you.
You die...

#..........##.#..........#
#........##.#..........#
#........##.# .........#
######...........####.......#
.......######.##....##......#
..........# #####'#........>#
....#.##.## #.#.#.......###
#.#.._...# #+#Z#.#.......#
...##.#..# +...@.#.......#
.#.#...#.## #...###.......#
.#.#.#....# +... #.......#
...#.###.## #+#+ #.......#
.....# #.# #.......# ..#..#
#.##########.......# ###..#
#.#................# #..#
#.#.......##.......# ...#
..........#...######


You could see an elf zombie.

Vanquished Creatures
  An elf skeleton (D:4)
  2 bullfrog skeletons (D:4)
  An orc wizard (D:3)
  5 adders
  An ooze (D:1)
  A worm (D:3)
  3 dart slugs
  2 leopard geckos
  5 orcs (D:3)
  2 bats (D:1)
  13 giant cockroaches
  6 goblins
  6 hobgoblins
  12 kobolds
  2 quokkas (D:2)
  A ball python (D:1)
  A frilled lizard (D:1)
  8 rats
72 creatures vanquished.

Notes
Turn   | Place    | Note
-------+----------+-------------------------------------------
     0 | D:1      | Knicklaso the Merfolk Gladiator began the quest for the Orb.
     0 | D:1      | Reached XP level 1. HP: 16/16 MP: 1/1
   126 | D:1      | Reached skill level 5 in Polearms
   126 | D:1      | Reached XP level 2. HP: 22/22 MP: 2/2
   591 | D:1      | Reached XP level 3. HP: 27/27 MP: 3/3
   998 | D:2      | Reached skill level 6 in Polearms
  1233 | D:2      | Reached XP level 4. HP: 33/33 MP: 4/4
  1871 | D:3      | Reached skill level 7 in Polearms
  1950 | D:3      | Reached XP level 5. HP: 31/38 MP: 5/5
  2816 | D:4      | Reached skill level 8 in Polearms
  2834 | D:4      | Noticed Blork the orc
  2849 | D:4      | Reached XP level 6. HP: 11/44 MP: 6/6
  2872 | D:4      | Found a deep blue altar of Sif Muna.
  2962 | D:4      | HP: 1/44 [elf zombie (7)]
  2963 | D:4      | Slain by an elf zombie

Skill      XL: |  1  2  3  4  5 |
---------------+----------------+-----
Polearms       | 5 6 7 8 |  8.7
Throwing       | 3 |  3.6
Fighting       | |  2.1
Dodging        | |  4.0

Action                   |  1- 3 |  4- 6 || total
-------------------------+-------+-------++-------
Melee: Trident           |   101 |   181 ||   282
Throw: Stone             |     3 |    29 ||    32
       Throwing net      |     1 |       ||     1
  Eat: Chunk             |     1 |     5 ||     6
Armor: Leather armour    |     1 |       ||     1
       Ring mail         |    13 |    43 ||    56
Dodge: Dodged            |    65 |    46 ||   111
